 Dungeon Crawl Stone Soup version 0.27-a0-1378-gdefffd1ff6 (webtiles) character file.

Game seed: 12397248927348563553

20 sanka the Charlatan (level 3, 0/28 HPs)
             Began as a Djinni Artificer on June 29, 2021.
             Killed from afar by a dart slug (3 damage)
             ... with a slug dart
             ... on level 1 of the Dungeon.
             The game lasted 00:01:10 (1012 turns).

sanka the Charlatan (Djinni Artificer)              Turns: 1012, Time: 00:01:10

Health: 0/28       AC:  4    Str: 11    XL:     3   Next: 0%
Gold:   27         EV: 12    Int: 13    God:
                   SH:  0    Dex: 13

rFire    + + .     SeeInvis .   a - +0 club
rCold    x . .     Faith    .   (no shield)
rNeg     . . .     Spirit   .   b - +0 leather armour
rPois    ∞         Reflect  .   (no helmet)
rElec    .         Harm     .   (no cloak)
rCorr    .         Rampage  .   h - +0 pair of gloves
Will     .....                  (boots unavailable)
Stlth    +.........             (no amulet)
HPRegen  0.09/turn              (no ring)
MPRegen  0.00/turn              (no ring)

@: flying
A: sickness immunity, fire resistance 2, cold vulnerability 1, float, innate
caster, hp casting, extra vitality 1
a: no special abilities


You were on level 1 of the Dungeon.
You visited 1 branch of the dungeon, and saw 1 of its levels.

You collected 27 gold pieces.


Innate Abilities, Weirdness & Mutations

You are immune to sickness and miasma.
You are immune to poison.
Your flesh is very heat resistant. (rF++)
You are vulnerable to cold. (rC-)
You float through the air rather than walking.
You learn spells naturally, not from books.
Your magical power is your life essence.
You have superior vitality. (+4 HP)


   Skills:
 + Level 2.0 Fighting
 - Level 1.0 Armour
 + Level 3.0 Dodging
 - Level 0.7 Stealth
 - Level 3.0 Evocations


You had one spell level left.
You knew the following spells:

 Your Spells              Type           Power      Damage    Failure   Level
Z - Corona                Hex            0%         N/A       38%         1
Your spell library was empty.

Inventory:

Hand Weapons
 a - a +0 club (weapon)
Missiles
 g - a throwing net {=f}
Armour
 b - a +0 leather armour (worn)
 h - a +0 pair of gloves (worn)
Wands
 c - a wand of flame (14) (quivered)
 d - a wand of charming (15)
Scrolls
 f - a scroll of blinking {unknown}
 j - a scroll of amnesia {unknown}
Potions
 i - 2 potions of mutation {unknown}
Miscellaneous
 e - a piece from Xom's chessboard (15/15)

Dungeon Overview and Level Annotations

Branches:
Dungeon (1/15)

Altars:

▒....▒ ▒.▒ ▒....▒
▒.▒ ▒▒▒....▒▒▒ ▒.▒
▒.....(..▒ ▒.▒
▒........▒ ▒.▒
▒▒▒▒........▒ ▒.▒
...▒........▒ ▒.▒
...▒........▒▒▒▒▒.▒
...'........'.w)R.▒
...▒........▒▒▒▒▒▒▒
...▒........▒
...▒▒▒▒▒▒▒▒▒▒ ...▒
...▒ ...▒ ▒▒.


You could see a dart slug.


Message History

Increase (s)trength, (i)ntelligence, or (d)exterity?
You feel clever.
The power to cast Corona wells up from within.
Spell assigned to 'Z'.
You hit the endoplasm.
The endoplasm is lightly wounded.
The endoplasm hits you but does no damage.
You hit the endoplasm but do no damage.
The endoplasm is lightly wounded.
The endoplasm hits you but does no damage.
The endoplasm hits you.
* * * LOW HITPOINT WARNING * * *
There's nothing to close nearby.
Aiming: Throw Flame
Aim: an endoplasm (lightly wounded, 98% to hit)
The puff of flame hits the endoplasm.
The endoplasm is heavily wounded.
The endoplasm hits you.
* * * LOW HITPOINT WARNING * * *
You hit the endoplasm.
The endoplasm is almost dead.
The endoplasm barely misses you.
You hit the endoplasm but do no damage.
The endoplasm is almost dead.
The endoplasm closely misses you.
You hit the endoplasm.
You kill the endoplasm!
The dart slug launches a dart at you. The slug dart hits you.
You die...

Action                   || total
-------------------------++-------
Melee: Club              ||    84
Evoke: Wand              ||     1
 Stab: Sleeping          ||     2
Armor: Leather armour    ||    20
Dodge: Dodged            ||    67

Levels and vault maps discovered:
D:1:      dpeg_arrival_long_road, layout_basic,
          hellmonk_ecumenical_altar_zigzags

Notes
Turn   | Place    | Note
-------+----------+-------------------------------------------
     0 | D:1      | sanka the Djinni Artificer began the quest for the Orb.
     0 | D:1      | Reached XP level 1. HP: 17/17 MP: 0/0
   445 | D:1      | Reached XP level 2. HP: 16/22 MP: 0/0
  1007 | D:1      | Reached skill level 2 in Fighting
  1007 | D:1      | Reached skill level 3 in Dodging
  1007 | D:1      | Reached XP level 3. HP: 5/28 MP: 0/0
  1007 | D:1      | Learned a level 1 spell: Corona
  1012 | D:1      | Killed from afar by a dart slug

Vanquished Creatures
  A ball python (D:1)
  3 bats (D:1)
  3 endoplasms (D:1)
  2 giant cockroaches (D:1)
  A goblin (D:1)
  2 hobgoblins (D:1)
  2 quokkas (D:1)
  A frilled lizard (D:1)
  A kobold (D:1)
  2 rats (D:1)
18 creatures vanquished.
